 Dungeon Crawl Stone Soup version 0.27-a0-1548-gf8a67e7463 (webtiles) character file.

Game seed: 2244030930242942883

126 Demosthentine the Poker (level 5, -1/41 HPs)
             Began as a Merfolk Gladiator on July 14, 2021.
             Killed by divine providence
             ... invoked by an orc priest
              (14 damage)
             ... on level 3 of the Dungeon.
             The game lasted 00:01:25 (2014 turns).

Demosthentine the Poker (Merfolk Gladiator)         Turns: 2014, Time: 00:01:25

Health: -1/41      AC:  7    Str: 15    XL:     5   Next: 9%
Magic:  5/5        EV: 13    Int:  8    God:
Gold:   75         SH:  0    Dex: 15    Spells: 4/4 levels left

rFire    . . .     SeeInvis .   a - +1 trident
rCold    . . .     Faith    .   (no shield)
rNeg     . . .     Spirit   .   b - +0 leather armour
rPois    .         Reflect  .   c - +0 helmet
rElec    .         Harm     .   (no cloak)
rCorr    .         Rampage  .   (no gloves)
Will     .....                  i - +2 pair of boots
Stlth    +.........             (no amulet)
HPRegen  0.13/turn              (no ring)
MPRegen  0.09/turn              (no ring)

@: attractive
A: (nimble swimmer 2), mertail
a: no special abilities


You were on level 3 of the Dungeon.
You visited 1 branch of the dungeon, and saw 3 of its levels.

You collected 75 gold pieces.

Inventory:

Hand Weapons
 a - a +1 trident (weapon)
Missiles
 d - 3 throwing nets (quivered)
Armour
 b - a +0 leather armour (worn)
 c - a +0 helmet (worn)
 f - a +0 buckler
 i - a +2 pair of boots (worn)
Potions
 e - 2 potions of attraction
 g - a potion of curing
 k - 2 potions of flight


   Skills:
 + Level 3.2 Fighting
 + Level 5.3 Polearms
 - Level 2.0 Throwing
 + Level 1.3 Armour
 + Level 4.9 Dodging
 + Level 1.4 Shields


You had 4 spell levels left.
You didn't know any spells.
Your spell library contained the following spells:

 Spells                   Type           Power      Damage    Failure   Level
 Portal Projectile        Hex/Tloc       0%         N/A       85%         3
 Blade Hands              Tmut           0%         N/A       100%        5
 Excruciating Wounds      Necr           0%         N/A       100%        5


Dungeon Overview and Level Annotations

Branches:
Dungeon (3/15)

Altars:

Shops:
D:2 [


Innate Abilities, Weirdness & Mutations

((You are quick and stealthy near water. (Stealth+, EV+, Speed+++)))
Your lower body shifts to a powerful aquatic tail in water.


Message History

You hit the orc.
The orc is moderately wounded.
The orc hits you with a +0 short sword.
There are monsters nearby!
You closely miss the orc.
The orc is moderately wounded.
The orc hits you but does no damage.
An orc comes into view. It is wielding a +0 hand axe.
There are monsters nearby!
The orc shouts!
You puncture the orc!
You kill the orc!
The orc priest invokes the aid of Beogh against you.
Beogh smites you!
You are too injured to fight recklessly!
You are too injured to fight recklessly!
You hit the orc.
The orc is lightly wounded.
The orc closely misses you.
It was a potion of attraction.
You feel attractive to monsters. The orc hits you but does no damage.
Unknown command.
You hit the orc.
The orc is moderately wounded.
The orc hits you with a +0 whip.
Unknown command.
You barely miss the orc.
The orc is moderately wounded.
The orc hits you with a +0 whip.
Unknown command.
You puncture the orc!
You kill the orc!
The orc priest begins to cast a cantrip, but forgets the words!
Unknown command.
You hit the orc priest but do no damage.
The orc priest closely misses you.
The orc priest calls down the wrath of Beogh upon you.
Beogh smites you!
You die...

#?. ...# ... #..
.. #.. ..... .#.##
o.. #o#########
#@#......<#
#.#.####### #.#.#
########## #.#.#
.........# #.#.#
########.# #.#.##
#........###.#..#
#.#####......##.##
#.###......#


You could see 2 orc priests.

Vanquished Creatures
  An orc wizard (D:3)
  2 adders
  2 worms (D:2)
  3 dart slugs (D:1)
  5 orcs (D:3)
  A bat zombie (D:1)
  6 endoplasms
  2 giant cockroaches
  3 goblins
  4 hobgoblins
  3 jackals (D:1)
  2 kobolds (D:1)
  5 quokkas (D:2)
  8 ball pythons
  7 bats
  2 frilled lizards (D:1)
  A quokka zombie (D:1)
  6 rats
63 creatures vanquished.

Notes
Turn   | Place    | Note
-------+----------+-------------------------------------------
     0 | D:1      | Demosthentine the Merfolk Gladiator began the quest for the
                  | Orb.
     0 | D:1      | Reached XP level 1. HP: 16/16 MP: 1/1
   206 | D:1      | Reached XP level 2. HP: 18/23 MP: 2/2
   589 | D:1      | Reached XP level 3. HP: 28/28 MP: 3/3
   921 | D:2      | Reached skill level 5 in Polearms
   953 | D:2      | Reached skill level 1 in Armour
  1096 | D:2      | Reached XP level 4. HP: 34/34 MP: 4/4
  1104 | D:2      | Found Lyfauvipoj's Armour Emporium.
  1241 | D:2      | Reached skill level 1 in Shields
  1898 | D:3      | Reached XP level 5. HP: 41/41 MP: 5/5
  2014 | D:3      | Killed from afar by an orc priest

Illustrated notes

Levels and vault maps discovered:
D:1:      saegor_arrival_fortress, layout_rooms
D:2:      minmay_inner_zag, layout_loops_corners, serial_shops, shop,
          minmay_tromino_v4_a
D:3:      layout_basic, marbit_many_paths

Skill      XL: |  1  2  3  4 |
---------------+-------------+-----
Polearms       | 5 |  5.3
Armour         | 1 |  1.3
Shields        | 1 |  1.4
Fighting       | 3 |  3.2
Throwing       | |  2.0
Dodging        | |  4.9

Action                   |  1- 3 |  4- 6 || total
-------------------------+-------+-------++-------
Melee: Trident           |   100 |    68 ||   168
  Use: Scroll            |     2 |     3 ||     5
       Potion            |       |     1 ||     1
 Stab: Sleeping          |     4 |     2 ||     6
Armor: Leather armour    |    23 |    13 ||    36
Dodge: Dodged            |    49 |    24 ||    73

Table legend: (Time is in decaauts)
 A = Elapsed time spent in this place.
 B = Non-inter-level travel time spent in this place.
 C = Inter-level travel time spent in this place.
 D = Time resting spent in this place.
 E = Time spent auto-exploring this place.
 F = Levels seen in this place.
 G = Mean time per level.
                   A        B        C        D        E       F      G
               +--------+--------+--------+--------+--------+-----+--------+
         Total |   2009 |   1969 |     40 |      0 |   1624 |   3 |  669.7 |
       Dungeon |   2009 |   1969 |     40 |      0 |   1624 |   3 |  669.7 |
               +--------+--------+--------+--------+--------+-----+--------+

Top non-repeatable levels by time:
     D:2: 978 daAuts
     D:1: 781 daAuts
     D:3: 249 daAuts
